Workbook
Name Ag_Livelihoods: Indicators!$C$23:$C$24
Name Food: Indicators!$C$5:$C$6
Name Health: Indicators!$C$12:$C$16
Name Imp_1_Source: Logframe!$D$7
Name Imp_2_Source: Logframe!$D$12
Name IMPACT: Logframe!$A$4
Name Impact_1_Achieved_Yr1: Logframe!$F$5
Name Impact_1_Achieved_Yr2: Logframe!$E$5
Name Impact_1_Achieved_Yr3: Logframe!#REF!
Name Impact_1_Baseline_Yr0: Logframe!$D$4
Name Impact_1_Planned_Yr1: Logframe!$E$4
Name Impact_1_Planned_Yr2: Logframe!$F$4
Name Impact_1_Planned_Yr3: Logframe!#REF!
Name Impact_2_Achieved_Yr1: Logframe!$E$10
Name Impact_2_Achieved_Yr2: Logframe!$F$10
Name Impact_2_Achieved_Yr3: Logframe!#REF!
Name Impact_2_Baseline_Yr0: Logframe!$D$9
Name Impact_2_Planned_Yr1: Logframe!$E$9
Name Impact_2_Planned_Yr2: Logframe!$F$9
Name Impact_2_Planned_Yr3: Logframe!#REF!
Name Impact_Indicator_1: Logframe!$B$4
Name Impact_Indicator_2: Logframe!$B$9
Name IMPACT_WEIGHTING_1: Logframe!$A$55
Name IMPACT_WEIGHTING_2: Logframe!$A$80
Name IMPACT_WEIGHTING_3: Logframe!$A$105
Name IMPACT_WEIGHTING_4: Logframe!$A$130
Name IMPACT_WEIGHTING_5: Logframe!$A$155
Name IMPACT_WEIGHTING_OUTPUT_1: Logframe!$A$55
Name IMPACT_WEIGHTING_OUTPUT_2: Logframe!$A$80
Name IMPACT_WEIGHTING_OUTPUT_4: Logframe!$A$105
Name IMPACT_WEIGHTING_OUTPUT_5: Logframe!$A$155
Name Out_1_Source: Logframe!$D$18
Name Out_2_Source: Logframe!$D$23
Name Out_3_Source: Logframe!$D$28
Name OUTCOME: Logframe!$A$15
Name Outcome_1_Achieved_Yr1: Logframe!$E$16
Name Outcome_1_Achieved_Yr2: Logframe!$F$16
Name Outcome_1_Achieved_Yr3: Logframe!#REF!
Name Outcome_1_Baseline_Yr0: Logframe!$D$15
Name Outcome_1_Planned_Yr1: Logframe!$E$15
Name Outcome_1_Planned_Yr2: Logframe!$F$15
Name Outcome_1_Planned_Yr3: Logframe!#REF!
Name Outcome_2_Achieved_Yr1: Logframe!$E$21
Name Outcome_2_Achieved_Yr2: Logframe!$F$21
Name Outcome_2_Achieved_Yr3: Logframe!#REF!
Name Outcome_2_Baseline_Yr0: Logframe!$D$20
Name Outcome_2_Planned_Yr1: Logframe!$E$20
Name Outcome_2_Planned_Yr2: Logframe!$F$20
Name Outcome_2_Planned_Yr3: Logframe!#REF!
Name Outcome_3_Achieved_Yr1: Logframe!$E$26
Name Outcome_3_Achieved_Yr2: Logframe!$F$26
Name Outcome_3_Achieved_Yr3: Logframe!#REF!
Name Outcome_3_Baseline_Yr0: Logframe!$D$25
Name Outcome_3_Planned_Yr1: Logframe!$E$25
Name Outcome_3_Planned_Yr2: Logframe!$F$25
Name Outcome_3_Planned_Yr3: Logframe!#REF!
Name Outcome_Indicator_1: Logframe!$B$15
Name Outcome_Indicator_2: Logframe!$B$20
Name Outcome_Indicator_3: Logframe!$B$25
Name OUTPUT_1: Logframe!$A$35

Sheet Logframe
A1: PLEASE NOTE - NON RED TABS ON THIS WORKBOOK ARE SELF POPULATING FROM THE RED TABS. PLEASE POPULATE THE RED TABS.
A2: PROJECT NAME | B2: Support to UNICEF for Syria Crisis
A3: IMPACT | B3: Impact Indicator 1 | D3: Baseline 2015 | E3: June 2015 | F3: Target 2015
A4: Lives saved, suffering reduced, dignity maintained and resilience promoted | B4: N/A as one year humanitarian programme | C4: Planned
C5: Achieved
C6: Source
B8: Impact Indicator 2 | D8: =D$3 -> Baseline 2015 | E8: =E$3 -> June 2015 | F8: =F$3 -> Target 2015
C9: Planned
C10: Achieved
C11: Source
A14: OUTCOME | B14: Outcome Indicator 1 | D14: =D$3 -> Baseline 2015 | E14: =E$3 -> June 2015 | F14: =F$3 -> Target 2015 | G14: Assumptions
A15: Critical humanitarian needs alleviated amongst conflict affected persons | B15: Extent to which UNICEF has adopted a whole of Syria approach measured on scale of 0 to 25 | C15: Planned | D15: tbc | E15: tbc | F15: tbc
C16: Achieved
D17: Source
D18: DFID Whole of Syria approach assessment
B19: Outcome Indicator 2 | D19: =D$3 -> Baseline 2015 | E19: =E$3 -> June 2015 | F19: =F$3 -> Target 2015
B20: CHASE Annual Review score on reform priorities | C20: Planned | D20: N/A | E20: N/A | F20: A
C21: Achieved
D22: Source
D23: CHASE assessment from Annual Review
B24: Outcome Indicator 3 | D24: =D$3 -> Baseline 2015 | E24: =E$3 -> June 2015 | F24: =F$3 -> Target 2015
C25: Planned
C26: Achieved
D27: Source | G27: RISK RATING
B29: DFID (£) | D29: Govt (£) | E29: Other (£) | F29: Total (£)
A31: INPUTS (HR) | B31: DFID (FTEs)
A34: OUTPUT 1 | B34: Output Indicator 1.1 | D34: =$D$3 -> Baseline 2015 | E34: =$E$3 -> June 2015 | F34: =$F$3 -> Target 2015 | G34: Assumption
A35: Emergency assistance in WASH, Health, Nutrition, Education, Protection and Basic Needs provided within Syria | B35: Food:-Number of supplementary food interventions (packages, hot meals, vouchers, cash) provided to individuals. | C35: Planned | D35: 0 | E35: =Output_1.1_Planned_Yr2/2 -> 55640 | F35: 111280
C36: Achieved
C37: Source
C38: Appeal document
B39: Output Indicator 1.2 | D39: =$D$3 -> Baseline 2015 | E39: =$E$3 -> June 2015 | F39: =$F$3 -> Target 2015
B40: WASH - Number of beneficiaries provided with drinking water | C40: Planned | D40: 0 | E40: =Output_1.2_Planned_Yr2/2 -> 660000 | F40: 1320000
C41: Achieved
C42: Source
C43: Appeal document
B44: Output Indicator 1.3 | D44: =$D$3 -> Baseline 2015 | E44: =$E$3 -> June 2015 | F44: =$F$3 -> Target 2015
B45: Health - Number of vaccinations provided | C45: Planned | D45: 0 | E45: =Output_1.3_Planned_Yr2/2 -> 224000 | F45: 448000
C46: Achieved
C47: Source
B49: Output Indicator 1.4 | D49: =$D$3 -> Baseline 2015 | E49: =$E$3 -> June 2015 | F49: =$F$3 -> Target 2015
B50: Protection - Number of child visits (daily sign-ins) to child/adolescent friendly spaces | C50: Planned | D50: 0 | E50: =Output_1.4_Planned_Yr2/2 -> 15400 | F50: 30800
C51: Achieved
C52: Source | G52: RISK RATING
C53: Appeal document
A54: IMPACT WEIGHTING (%) | B54: Output Indicator 1.5 | D54: =$D$3 -> Baseline 2015 | E54: =$E$3 -> June 2015 | F54: =$F$3 -> Target 2015
A55: 0.45 | B55: Education - Number of pupils provided with access to non-formal education | C55: Planned | D55: 0 | E55: =F55/2 -> 64000 | F55: 128000
C56: Achieved
C57: Source
C58: Appeal document
A59: INPUTS (£) | B59: DFID (£) | D59: Govt (£) | E59: Other (£) | F59: Total (£)
A61: INPUTS (HR) | B61: DFID (FTEs)
A64: OUTPUT 2 | B64: Output Indicator 2.1 | D64: Baseline 2014 | E64: Milestone 2015 | F64: Target 2015 | G64: Assumptions
A65: Emergency assistance in WASH, Health, Nutrition, Education, Protection and Basic Needs provided within Lebanon | B65: WASH - Number of beneficiaries provided with drinking water | C65: Planned | D65: 0 | E65: =Output_2.1_Planned_Yr2/2 -> 8584 | F65: 17168
C66: Achieved
C67: Source
C68: Appeal document
B69: Output Indicator 2.2 | D69: Baseline 2014 | E69: Milestone 2015 | F69: Target 2015
B70: Education - Number of beneficiaries of teaching and learning materials provided | C70: Planned | D70: 0 | E70: =Output_2.2_Planned_Yr2/2 -> 4205 | F70: 8410
C71: Achieved
C72: Source
B74: Output Indicator 2.3 | D74: =D$3 -> Baseline 2015 | E74: =E$3 -> June 2015 | F74: =F$3 -> Target 2015
B75: Protection - Number of child visits (daily sign-ins) to child/adolescent friendly spaces | C75: Planned | D75: 0 | E75: =Output_2.3_Planned_Yr2/2 -> 2755 | F75: 5510
C76: Achieved
C77: Source
C78: Appeal document
A79: IMPACT WEIGHTING (%) | B79: Output Indicator 2.4 | D79: =D$3 -> Baseline 2015 | E79: =E$3 -> June 2015 | F79: =F$3 -> Target 2015
A80: 0.3 | C80: Planned
C81: Achieved
C82: Source | G82: RISK RATING
A84: INPUTS (£) | B84: DFID (£) | D84: Govt (£) | E84: Other (£) | F84: Total (£)
A86: INPUTS (HR) | B86: DFID (FTEs)
A89: OUTPUT 3 | B89: Output Indicator 3.1 | D89: =D3 -> Baseline 2015 | E89: =E3 -> June 2015 | F89: Target 2015 | G89: Assumptions
A90: Emergency assistance in WASH, Health, Nutrition, Education, Protection and Basic Needs provided within Jordan | B90: WASH - Number of beneficiaries provided with drinking water | C90: Planned | D90: 0 | E90: =Output_3.1_Planned_Yr2/2 -> 57656.5 | F90: 115313
C91: Achieved
C92: Source
C93: Appeal document
B94: Output Indicator 3.2 | D94: =D3 -> Baseline 2015 | E94: =E3 -> June 2015 | F94: Target 2015
B95: Education - Number of beneficiaries of teaching and learning materials provided | C95: Planned | D95: 0 | E95: =Output_3.2_Planned_Yr2/2 -> 357 | F95: 714
C96: Achieved
C97: Source
C98: Appeal document
B99: Output Indicator 3.3 | D99: =D$3 -> Baseline 2015 | E99: =E$3 -> June 2015 | F99: =F$3 -> Target 2015
B100: Protection - Number of child visits (daily sign-ins) to child/adolescent friendly spaces | C100: Planned | D100: 0 | E100: =Output_3.3_Planned_Yr2/2 -> 6039 | F100: 12078
C101: Achieved
C102: Source
C103: Appeal document
A104: IMPACT WEIGHTING (%) | B104: Output Indicator 3.4 | D104: =D$3 -> Baseline 2015 | E104: =E$3 -> June 2015 | F104: =F$3 -> Target 2015
A105: 0.25 | C105: Planned
C106: Achieved
C107: Source | G107: RISK RATING
A109: INPUTS (£) | B109: DFID (£) | D109: Govt (£) | E109: Other (£) | F109: Total (£)
A111: INPUTS (HR) | B111: DFID (FTEs)
A114: OUTPUT 4 | B114: Output Indicator 4.1 | D114: Baseline 2014 | E114: Milestone 2015 | F114: Target 2015 | G114: Assumptions
C115: Planned
C116: Achieved
C117: Source
B119: Output Indicator 4.2 | D119: Baseline 2014 | E119: Milestone 2015 | F119: Target 2015
C120: Planned
C121: Achieved
...

Sheet Results Chain
C2: =PROJECT_NAME -> Support to UNICEF for Syria Crisis
B4: OUTPUTS | D4: WEIGHTING | F4: OUTCOME | H4: IMPACT
B5: 1 | C5: Essential services provided in Syria | D5: =IMPACT_WEIGHTING_OUTPUT_1 -> 0.45 | F5: =OUTCOME -> Critical humanitarian needs alleviated amongst conflict affected persons | H5: =IMPACT -> Lives saved, suffering reduced, dignity maintained and resilience promoted
B6: 2 | C6: Essential services provided in Lebanon | D6: =IMPACT_WEIGHTING_2 -> 0.3
B7: 3 | C7: Essential services provided in Jordan | D7: =IMPACT_WEIGHTING_3 -> 0.25
B8: 4 | C8: =OUTPUT_4 -> 0 | D8: =IMPACT_WEIGHTING_4 -> 0
B9: 5 | C9: =OUTPUT_5 -> 0 | D9: =IMPACT_WEIGHTING_5 -> 0
D10: =SUM(D5:D9) -> 1

Sheet Logframe Summary
B2: Results Chain | E2: Weighting | G2: Country | H2: Indicator | J2: =Logframe!D3 -> Baseline 2015 | K2: =Logframe!F3 -> Target 2015
B4: IMPACT | D4: =IMPACT -> Lives saved, suffering reduced, dignity maintained and resilience promoted | H4: =Impact_Indicator_1 -> N/A as one year humanitarian programme | J4: =Impact_1_Baseline_Yr0 -> 0 | K4: =Impact_1_Planned_Yr2 -> 0
H5: =Impact_Indicator_2 -> 0 | J5: =Impact_2_Baseline_Yr0 -> 0 | K5: =Impact_2_Planned_Yr2 -> 0
B7: OUTCOME | D7: =OUTCOME -> Critical humanitarian needs alleviated amongst conflict affected persons | H7: =Outcome_Indicator_1 -> Extent to which UNICEF has adopted a whole of Syria approach measured on scale of 0 to 25 | J7: =Outcome_1_Baseline_Yr0 -> tbc | K7: =Outcome_1_Planned_Yr2 -> tbc
H8: =Outcome_Indicator_2 -> CHASE Annual Review score on reform priorities | J8: =Outcome_2_Baseline_Yr0 -> N/A | K8: =Outcome_2_Planned_Yr2 -> A
H9: =Outcome_Indicator_3 -> 0 | J9: =Outcome_3_Baseline_Yr0 -> 0 | K9: =Outcome_3_Planned_Yr2 -> 0
B11: OUTPUTS | D11: =OUTPUT_1 -> Emergency assistance in WASH, Health, Nutrition, Education, Protection and Basic Needs provided within Syria | E11: =IMPACT_WEIGHTING_1 -> 0.45 | G11: Syria | H11: =Output_Indicator_1.1 -> Food:-Number of supplementary food interventions (packages, hot meals, vouchers, cash) provided to individuals. | J11: =Output_1.1_Baseline_Yr0 -> 0 | K11: =Output_1.1_Planned_Yr2 -> 111280
H12: =Output_Indicator_1.2 -> WASH - Number of beneficiaries provided with drinking water | J12: =Output_1.2_Baseline_Yr0 -> 0 | K12: =Output_1.2_Planned_Yr2 -> 1320000
H13: =Output_Indicator_1.3 -> Health - Number of vaccinations provided | J13: =Output_1.3_Baseline_Yr0 -> 0 | K13: =Output_1.3_Planned_Yr2 -> 448000
H14: =Output_Indicator_1.4 -> Protection - Number of child visits (daily sign-ins) to child/adolescent friendly spaces | J14: =Output_1.4_Baseline_Yr0 -> 0 | K14: =Output_1.4_Planned_Yr2 -> 30800
H15: =Logframe!B55 -> Education - Number of pupils provided with access to non-formal education | K15: =Logframe!$F$55 -> 128000
D17: =OUTPUT_2 -> Emergency assistance in WASH, Health, Nutrition, Education, Protection and Basic Needs provided within Lebanon | E17: =IMPACT_WEIGHTING_2 -> 0.3 | G17: Lebanon | H17: =Logframe!$B$65 -> WASH - Number of beneficiaries provided with drinking water | J17: =Output_2.1_Baseline_Yr0 -> 0 | K17: =Output_2.1_Planned_Yr2 -> 17168
H18: =Logframe!$B$70 -> Education - Number of beneficiaries of teaching and learning materials provided | J18: =Output_2.2_Baseline_Yr0 -> 0 | K18: =Output_2.2_Planned_Yr2 -> 8410
H19: =Output_Indicator_2.3 -> Protection - Number of child visits (daily sign-ins) to child/adolescent friendly spaces | J19: =Output_2.3_Baseline_Yr0 -> 0 | K19: =Output_2.3_Planned_Yr2 -> 5510
H20: =Output_Indicator_2.4 -> 0 | J20: =Output_2.4_Baseline_Yr0 -> 0 | K20: =Output_2.4_Planned_Yr2 -> 0
D23: =OUTPUT_3 -> Emergency assistance in WASH, Health, Nutrition, Education, Protection and Basic Needs provided within Jordan | E23: =IMPACT_WEIGHTING_3 -> 0.25 | G23: Jordan | H23: =Output_Indicator_3.1 -> WASH - Number of beneficiaries provided with drinking water | J23: =Output_3.1_Baseline_Yr0 -> 0 | K23: =Output_3.1_Planned_Yr2 -> 115313
H24: =Output_Indicator_3.2 -> Education - Number of beneficiaries of teaching and learning materials provided | J24: =Output_3.2_Baseline_Yr0 -> 0 | K24: =Output_3.2_Planned_Yr2 -> 714
H25: =Output_Indicator_3.3 -> Protection - Number of child visits (daily sign-ins) to child/adolescent friendly spaces | J25: =Output_3.3_Baseline_Yr0 -> 0 | K25: =Output_3.3_Planned_Yr2 -> 12078
H26: =Output_Indicator_3.4 -> 0 | J26: =Output_3.4_Baseline_Yr0 -> 0 | K26: =Output_3.4_Planned_Yr2 -> 0
D29: =OUTPUT_4 -> 0 | E29: =IMPACT_WEIGHTING_4 -> 0 | J29: =Output_4.1_Baseline_Yr0 -> 0 | K29: =Output_4.1_Planned_Yr2 -> 0
H30: =Output_Indicator_4.2 | J30: =Output_4.2_Baseline_Yr0 -> 0 | K30: =Output_4.2_Planned_Yr2 -> 0
H31: =Output_Indicator_4.3 -> 0 | J31: =Output_4.3_Baseline_Yr0 -> 0 | K31: =Output_4.3_Planned_Yr2 -> 0
H32: =Output_Indicator_4.4 -> 0 | J32: =Output_4.4_Baseline_Yr0 -> 0 | K32: =Output_4.4_Planned_Yr2 -> 0
D34: =OUTPUT_5 -> 0 | E34: =IMPACT_WEIGHTING_5 -> 0 | H34: =Output_Indicator_5.1 -> 0 | J34: =Output_5.1_Baseline_Yr0 -> 0 | K34: =Output_5.1_Planned_Yr2 -> 0
H35: =Output_Indicator_5.2 -> 0 | J35: =Output_5.2_Baseline_Yr0 -> 0 | K35: =Output_5.2_Planned_Yr2 -> 0
H36: =Output_Indicator_5.3 -> 0 | J36: =Output_5.3_Baseline_Yr0 -> 0 | K36: =Output_5.3_Planned_Yr2 -> 0
H37: =Output_Indicator_5.4 -> 0 | J37: =Output_5.4_Baseline_Yr0 -> 0 | K37: =Output_5.4_Planned_Yr2 -> 0

Sheet Annual Review
B1: =PROJECT_NAME -> Support to UNICEF for Syria Crisis
B3: Results Chain | E3: Weighting | G3: Indicators | I3: Planned | J3: Achieved | L3: Score | O3: Risk | Q3: Planned | R3: Achieved | T3: Score | W3: Risk
I4: =Logframe!E3 -> June 2015 | L4: =RIGHT(I4,4) -> 2015 | O4: =L4 -> 2015 | Q4: =RIGHT(Logframe!F3,4) -> 2015 | T4: =RIGHT(Q4,4) -> 2015 | W4: =T4 -> 2015
B6: IMPACT | D6: =IMPACT -> Lives saved, suffering reduced, dignity maintained and resilience promoted | G6: =Impact_Indicator_1 -> N/A as one year humanitarian programme | I6: =Impact_1_Planned_Yr1 -> 0 | J6: =Impact_1_Achieved_Yr1 -> 0 | Q6: =Impact_1_Planned_Yr2 -> 0 | R6: =Impact_1_Achieved_Yr2 -> 0
G7: =Impact_Indicator_2 -> 0 | I7: =Impact_2_Planned_Yr1 -> 0 | J7: =Impact_2_Achieved_Yr1 -> 0 | Q7: =Impact_2_Planned_Yr2 -> 0 | R7: =Impact_2_Achieved_Yr2 -> 0
B9: OUTCOME | D9: =OUTCOME -> Critical humanitarian needs alleviated amongst conflict affected persons | G9: =Outcome_Indicator_1 -> Extent to which UNICEF has adopted a whole of Syria approach measured on scale of 0 to 25 | I9: =Outcome_1_Planned_Yr1 -> tbc | J9: =Outcome_1_Achieved_Yr1 -> 0 | L9: n/a | M9: =VLOOKUP(L9,$B$41:$F$47,3,FALSE) -> 0 | Q9: =Outcome_1_Planned_Yr2 -> tbc | R9: =Outcome_1_Achieved_Yr2 -> 0 | T9: n/a | U9: =VLOOKUP(T9,$B$41:$F$47,3,FALSE) -> 0
G10: =Outcome_Indicator_2 -> CHASE Annual Review score on reform priorities | I10: =Outcome_2_Planned_Yr1 -> N/A | J10: =Outcome_2_Achieved_Yr1 -> 0 | Q10: =Outcome_2_Planned_Yr2 -> A | R10: =Outcome_2_Achieved_Yr2 -> 0
G11: =Outcome_Indicator_3 -> 0 | I11: =Outcome_3_Planned_Yr1 -> 0 | J11: =Outcome_3_Achieved_Yr1 -> 0 | Q11: =Outcome_3_Planned_Yr2 -> 0 | R11: =Outcome_3_Achieved_Yr2 -> 0
B13: OUTPUTS | D13: =OUTPUT_1 -> Emergency assistance in WASH, Health, Nutrition, Education, Protection and Basic Needs provided within Syria | E13: =IMPACT_WEIGHTING_1 -> 0.45 | G13: =Output_Indicator_1.1 -> Food:-Number of supplementary food interventions (packages, hot meals, vouchers, cash) provided to individuals. | I13: =Output_1.1_Planned_Yr1 -> 55640 | J13: =Output_1.1_Achieved_Yr1 -> 0 | L13: n/a | M13: =VLOOKUP(L13,$B$41:$F$47,3,FALSE) -> 0 | Q13: =Output_1.1_Planned_Yr2 -> 111280 | R13: =Output_1.1_Achieved_Yr2 -> 0 | T13: n/a | U13: =VLOOKUP(T13,$B$41:$F$47,3,FALSE) -> 0
G14: =Output_Indicator_1.2 -> WASH - Number of beneficiaries provided with drinking water | I14: =Output_1.2_Planned_Yr1 -> 660000 | J14: =Output_1.2_Achieved_Yr1 -> 0 | Q14: =Output_1.2_Planned_Yr2 -> 1320000 | R14: =Output_1.2_Achieved_Yr2 -> 0
G15: =Output_Indicator_1.3 -> Health - Number of vaccinations provided | I15: =Output_1.3_Planned_Yr1 -> 224000 | J15: =Output_1.3_Achieved_Yr1 -> 0 | Q15: =Output_1.3_Planned_Yr2 -> 448000 | R15: =Output_1.3_Achieved_Yr2 -> 0
G16: =Output_Indicator_1.4 -> Protection - Number of child visits (daily sign-ins) to child/adolescent friendly spaces | I16: =Output_1.4_Planned_Yr1 -> 15400 | J16: =Output_1.4_Achieved_Yr1 -> 0 | Q16: =Output_1.4_Planned_Yr2 -> 30800 | R16: =Output_1.4_Achieved_Yr2 -> 0
G17: =Logframe!B55 -> Education - Number of pupils provided with access to non-formal education | I17: =Logframe!E55 -> 64000 | J17: =Logframe!E56 -> 0 | Q17: =Logframe!F55 -> 128000 | R17: =Logframe!F56 -> 0
D19: =OUTPUT_2 -> Emergency assistance in WASH, Health, Nutrition, Education, Protection and Basic Needs provided within Lebanon | E19: =IMPACT_WEIGHTING_2 -> 0.3 | G19: =Output_Indicator_2.1 -> WASH - Number of beneficiaries provided with drinking water | I19: =Output_2.1_Planned_Yr1 -> 8584 | J19: =Output_2.1_Achieved_Yr1 -> 0 | L19: n/a | M19: =VLOOKUP(L19,$B$41:$F$47,3,FALSE) -> 0 | Q19: =Output_2.1_Planned_Yr2 -> 17168 | R19: =Output_2.1_Achieved_Yr2 -> 0 | T19: n/a | U19: =VLOOKUP(T19,$B$41:$F$47,3,FALSE) -> 0
G20: =Output_Indicator_2.2 -> Education - Number of beneficiaries of teaching and learning materials provided | I20: =Output_2.2_Planned_Yr1 -> 4205 | J20: =Output_2.2_Achieved_Yr1 -> 0 | Q20: =Output_2.2_Planned_Yr2 -> 8410 | R20: =Output_2.2_Achieved_Yr2 -> 0
G21: =Output_Indicator_2.3 -> Protection - Number of child visits (daily sign-ins) to child/adolescent friendly spaces | I21: =Output_2.3_Planned_Yr1 -> 2755 | J21: =Output_2.3_Achieved_Yr1 -> 0 | Q21: =Output_2.3_Planned_Yr2 -> 5510 | R21: =Output_2.3_Achieved_Yr2 -> 0
G22: =Output_Indicator_2.4 -> 0 | I22: =Output_2.4_Planned_Yr1 -> 0 | J22: =Output_2.4_Achieved_Yr1 -> 0 | Q22: =Output_2.4_Planned_Yr2 -> 0 | R22: =Output_2.4_Achieved_Yr2 -> 0
D24: =OUTPUT_3 -> Emergency assistance in WASH, Health, Nutrition, Education, Protection and Basic Needs provided within Jordan | E24: =IMPACT_WEIGHTING_3 -> 0.25 | G24: =Output_Indicator_3.1 -> WASH - Number of beneficiaries provided with drinking water | I24: =Output_3.1_Planned_Yr1 -> 57656.5 | J24: =Output_3.1_Achieved_Yr1 -> 0 | L24: n/a | M24: =VLOOKUP(L24,$B$41:$F$47,3,FALSE) -> 0 | Q24: =Output_3.1_Planned_Yr2 -> 115313 | R24: =Output_3.1_Achieved_Yr2 -> 0 | T24: n/a | U24: =VLOOKUP(T24,$B$41:$F$47,3,FALSE) -> 0
G25: =Output_Indicator_3.2 -> Education - Number of beneficiaries of teaching and learning materials provided | I25: =Output_3.2_Planned_Yr1 -> 357 | J25: =Output_3.2_Achieved_Yr1 -> 0 | Q25: =Output_3.2_Planned_Yr2 -> 714 | R25: =Output_3.2_Achieved_Yr2 -> 0
G26: =Output_Indicator_3.3 -> Protection - Number of child visits (daily sign-ins) to child/adolescent friendly spaces | I26: =Output_3.3_Planned_Yr1 -> 6039 | J26: =Output_3.3_Achieved_Yr1 -> 0 | Q26: =Output_3.3_Planned_Yr2 -> 12078 | R26: =Output_3.3_Achieved_Yr2 -> 0
G27: =Output_Indicator_3.4 -> 0 | I27: =Output_3.4_Planned_Yr1 -> 0 | J27: =Output_3.4_Achieved_Yr1 -> 0 | Q27: =Output_3.4_Planned_Yr2 -> 0 | R27: =Output_3.4_Achieved_Yr2 -> 0
D29: =OUTPUT_4 -> 0 | E29: =IMPACT_WEIGHTING_4 -> 0 | I29: =Output_4.1_Planned_Yr1 -> 0 | J29: =Output_4.1_Achieved_Yr1 -> 0 | L29: n/a | M29: =VLOOKUP(L29,$B$41:$F$47,3,FALSE) -> 0 | Q29: =Output_4.1_Planned_Yr2 -> 0 | R29: =Output_4.1_Achieved_Yr2 -> 0 | T29: n/a | U29: =VLOOKUP(T29,$B$41:$F$47,3,FALSE) -> 0
G30: =Output_Indicator_4.2 | I30: =Output_4.2_Planned_Yr1 -> 0 | J30: =Output_4.2_Achieved_Yr1 -> 0 | Q30: =Output_4.2_Planned_Yr2 -> 0 | R30: =Output_4.2_Achieved_Yr2 -> 0
G31: =Output_Indicator_4.3 -> 0 | I31: =Output_4.3_Planned_Yr1 -> 0 | J31: =Output_4.3_Achieved_Yr1 -> 0 | Q31: =Output_4.3_Planned_Yr2 -> 0 | R31: =Output_4.3_Achieved_Yr2 -> 0
G32: =Output_Indicator_4.4 -> 0 | I32: =Output_4.4_Planned_Yr1 -> 0 | J32: =Output_4.4_Achieved_Yr1 -> 0 | Q32: =Output_4.4_Planned_Yr2 -> 0 | R32: =Output_4.4_Achieved_Yr2 -> 0
D34: =OUTPUT_5 -> 0 | E34: =IMPACT_WEIGHTING_5 -> 0 | G34: =Output_Indicator_5.1 -> 0 | I34: =Output_5.1_Planned_Yr1 -> 0 | J34: =Output_5.1_Achieved_Yr1 -> 0 | L34: n/a | M34: =VLOOKUP(L34,$B$41:$F$47,3,FALSE) -> 0 | Q34: =Output_5.1_Planned_Yr2 -> 0 | R34: =Output_5.1_Achieved_Yr2 -> 0 | T34: n/a | U34: =VLOOKUP(T34,$B$41:$F$47,3,FALSE) -> 0
G35: =Output_Indicator_5.2 -> 0 | I35: =Output_5.2_Planned_Yr1 -> 0 | J35: =Output_5.2_Achieved_Yr1 -> 0 | Q35: =Output_5.2_Planned_Yr2 -> 0 | R35: =Output_5.2_Achieved_Yr2 -> 0
G36: =Output_Indicator_5.3 -> 0 | I36: =Output_5.3_Planned_Yr1 -> 0 | J36: =Output_5.3_Achieved_Yr1 -> 0 | Q36: =Output_5.3_Planned_Yr2 -> 0 | R36: =Output_5.3_Achieved_Yr2 -> 0
G37: =Output_Indicator_5.4 -> 0 | I37: =Output_5.4_Planned_Yr1 -> 0 | J37: =Output_5.4_Achieved_Yr1 -> 0 | Q37: =Output_5.4_Planned_Yr2 -> 0 | R37: =Output_5.4_Achieved_Yr2 -> 0
B39: OVERALL OUTPUT SCORE | E39: =SUM(E13:E37) -> 1 | L39: =IF(M39>137.5%,"A++",IF(M39>=112.5%,"A+",IF(M39>=87.5%,"A",IF(M39>=62.5%,"B",IF(M39>=2%,"C",$B$47))))) -> n/a | M39: =(M13*$E$13)+(M19*$E$19)+(M24*$E$24)+(M29*$E$29)+(M34*$E$34) -> 0 | T39: =IF(U39>137.5%,"A++",IF(U39>=112.5%,"A+",IF(U39>=87.5%,"A",IF(U39>=62.5%,"B",IF(U39>=2%,"C",$B$47))))) -> n/a | U39: =(U13*$E$13)+(U19*$E$19)+(U24*$E$24)+(U34*$E$34) -> 0
D41: Value | E41: Threshold
B42: A++ | D42: 1.5 | E42: 1.375 | G42: Outputs substantially exceeded expectation
B43: A+ | D43: 1.25 | E43: 1.125 | G43: Outputs moderately exceeded expectation
B44: A | D44: 1 | E44: 0.875 | G44: Outputs met expectation
B45: B | D45: 0.75 | E45: 0.625 | G45: Outputs moderately did not meet expectations
B46: C | D46: 0.5 | G46: Outputs substantially did not meet expectations
B47: n/a | D47: 0
B49: Risk
B50: Low | D50: 1
B51: Medium | D51: 2
B52: High | D52: 3

Sheet Risk
A1: No | B1: Potential Risk | C1: Gross Risk | I1: Mitigation actions by partner | J1: Net Risk | K1: Any additional mitigation actions by DFID
C2: Likelihood | D2: Likelihood value | E2: Impact | G2: Risk Factor
D3: =VLOOKUP(C3,Background!$A$5:$B$9,2,FALSE) -> #N/A | F3: =VLOOKUP(E3,Background!C5:$D$9,2,FALSE) -> #N/A | G3: =D3*F3 -> #N/A | H3: =VLOOKUP(G3,Background!G5:$H$24,2,FALSE) -> #N/A
D4: =VLOOKUP(C4,Background!$A$5:$B$9,2,FALSE) -> #N/A | F4: =VLOOKUP(E4,Background!C6:$D$9,2,FALSE) -> #N/A | G4: =D4*F4 -> #N/A | H4: =VLOOKUP(G4,Background!G6:$H$24,2,FALSE) -> #N/A
D5: =VLOOKUP(C5,Background!$A$5:$B$9,2,FALSE) -> #N/A | F5: =VLOOKUP(E5,Background!C7:$D$9,2,FALSE) -> #N/A | G5: =D5*F5 -> #N/A | H5: =VLOOKUP(G5,Background!G7:$H$24,2,FALSE) -> #N/A
D6: =VLOOKUP(C6,Background!$A$5:$B$9,2,FALSE) -> #N/A | F6: =VLOOKUP(E6,Background!C8:$D$9,2,FALSE) -> #N/A | G6: =D6*F6 -> #N/A | H6: =VLOOKUP(G6,Background!G8:$H$24,2,FALSE) -> #N/A
D7: =VLOOKUP(C7,Background!$A$5:$B$9,2,FALSE) -> #N/A | F7: =VLOOKUP(E7,Background!C9:$D$9,2,FALSE) -> #N/A | G7: =D7*F7 -> #N/A | H7: =VLOOKUP(G7,Background!G9:$H$24,2,FALSE) -> #N/A
D8: =VLOOKUP(C8,Background!$A$5:$B$9,2,FALSE) -> #N/A | F8: =VLOOKUP(E8,Background!C$9:$D10,2,FALSE) -> #N/A | G8: =D8*F8 -> #N/A | H8: =VLOOKUP(G8,Background!G10:$H$24,2,FALSE) -> #N/A
D9: =VLOOKUP(C9,Background!$A$5:$B$9,2,FALSE) -> #N/A | F9: =VLOOKUP(E9,Background!C$9:$D11,2,FALSE) -> #N/A | G9: =D9*F9 -> #N/A | H9: =VLOOKUP(G9,Background!G11:$H$24,2,FALSE) -> #N/A
D10: =VLOOKUP(C10,Background!$A$5:$B$9,2,FALSE) -> #N/A | F10: =VLOOKUP(E10,Background!C$9:$D12,2,FALSE) -> #N/A | G10: =D10*F10 -> #N/A | H10: =VLOOKUP(G10,Background!G12:$H$24,2,FALSE) -> #N/A
D11: =VLOOKUP(C11,Background!$A$5:$B$9,2,FALSE) -> #N/A | F11: =VLOOKUP(E11,Background!C$9:$D13,2,FALSE) -> #N/A | G11: =D11*F11 -> #N/A | H11: =VLOOKUP(G11,Background!G13:$H$24,2,FALSE) -> #N/A
D12: =VLOOKUP(C12,Background!$A$5:$B$9,2,FALSE) -> #N/A | F12: =VLOOKUP(E12,Background!C$9:$D14,2,FALSE) -> #N/A | G12: =D12*F12 -> #N/A | H12: =VLOOKUP(G12,Background!G14:$H$24,2,FALSE) -> #N/A
D13: =VLOOKUP(C13,Background!$A$5:$B$9,2,FALSE) -> #N/A | F13: =VLOOKUP(E13,Background!C$9:$D15,2,FALSE) -> #N/A | G13: =D13*F13 -> #N/A | H13: =VLOOKUP(G13,Background!G15:$H$24,2,FALSE) -> #N/A
D14: =VLOOKUP(C14,Background!$A$5:$B$9,2,FALSE) -> #N/A | F14: =VLOOKUP(E14,Background!C$9:$D16,2,FALSE) -> #N/A | G14: =D14*F14 -> #N/A | H14: =VLOOKUP(G14,Background!G16:$H$24,2,FALSE) -> #N/A
D15: =VLOOKUP(C15,Background!$A$5:$B$9,2,FALSE) -> #N/A | F15: =VLOOKUP(E15,Background!C$9:$D17,2,FALSE) -> #N/A | G15: =D15*F15 -> #N/A | H15: =VLOOKUP(G15,Background!G17:$H$24,2,FALSE) -> #N/A
D16: =VLOOKUP(C16,Background!$A$5:$B$9,2,FALSE) -> #N/A | F16: =VLOOKUP(E16,Background!C$9:$D18,2,FALSE) -> #N/A | G16: =D16*F16 -> #N/A | H16: =VLOOKUP(G16,Background!G18:$H$24,2,FALSE) -> #N/A
D17: =VLOOKUP(C17,Background!$A$5:$B$9,2,FALSE) -> #N/A | F17: =VLOOKUP(E17,Background!C$9:$D19,2,FALSE) -> #N/A | G17: =D17*F17 -> #N/A | H17: =VLOOKUP(G17,Background!G19:$H$24,2,FALSE) -> #N/A
D18: =VLOOKUP(C18,Background!$A$5:$B$9,2,FALSE) -> #N/A | F18: =VLOOKUP(E18,Background!C$9:$D20,2,FALSE) -> #N/A | G18: =D18*F18 -> #N/A | H18: =VLOOKUP(G18,Background!G20:$H$24,2,FALSE) -> #N/A
D19: =VLOOKUP(C19,Background!$A$5:$B$9,2,FALSE) -> #N/A | F19: =VLOOKUP(E19,Background!C$9:$D21,2,FALSE) -> #N/A | G19: =D19*F19 -> #N/A | H19: =VLOOKUP(G19,Background!G21:$H$24,2,FALSE) -> #N/A
... D22: =VLOOKUP(C22,Background!$A$5:$B$9,2,FALSE) -> #N/A | F22: =VLOOKUP(E22,Background!C$9:$D24,2,FALSE) -> #N/A | G22: =D22*F22 -> #N/A | H22: =VLOOKUP(G22,Background!G24:$H$24,2,FALSE) -> #N/A
D23: =VLOOKUP(C23,Background!$A$5:$B$9,2,FALSE) -> #N/A | F23: =VLOOKUP(E23,Background!C$9:$D25,2,FALSE) -> #N/A | G23: =D23*F23 -> #N/A | H23: =VLOOKUP(G23,Background!G$24:$H25,2,FALSE) -> #N/A
D24: =VLOOKUP(C24,Background!$A$5:$B$9,2,FALSE) -> #N/A | F24: =VLOOKUP(E24,Background!C$9:$D26,2,FALSE) -> #N/A | G24: =D24*F24 -> #N/A | H24: =VLOOKUP(G24,Background!G$24:$H26,2,FALSE) -> #N/A
D25: =VLOOKUP(C25,Background!$A$5:$B$9,2,FALSE) -> #N/A | F25: =VLOOKUP(E25,Background!C$9:$D27,2,FALSE) -> #N/A | G25: =D25*F25 -> #N/A | H25: =VLOOKUP(G25,Background!G$24:$H27,2,FALSE) -> #N/A
D26: =VLOOKUP(C26,Background!$A$5:$B$9,2,FALSE) -> #N/A | F26: =VLOOKUP(E26,Background!C$9:$D28,2,FALSE) -> #N/A | G26: =D26*F26 -> #N/A | H26: =VLOOKUP(G26,Background!G$24:$H28,2,FALSE) -> #N/A
D27: =VLOOKUP(C27,Background!$A$5:$B$9,2,FALSE) -> #N/A | F27: =VLOOKUP(E27,Background!C$9:$D29,2,FALSE) -> #N/A | G27: =D27*F27 -> #N/A | H27: =VLOOKUP(G27,Background!G$24:$H29,2,FALSE) -> #N/A
D28: =VLOOKUP(C28,Background!$A$5:$B$9,2,FALSE) -> #N/A | F28: =VLOOKUP(E28,Background!C$9:$D30,2,FALSE) -> #N/A | G28: =D28*F28 -> #N/A | H28: =VLOOKUP(G28,Background!G$24:$H30,2,FALSE) -> #N/A
D29: =VLOOKUP(C29,Background!$A$5:$B$9,2,FALSE) -> #N/A | F29: =VLOOKUP(E29,Background!C$9:$D31,2,FALSE) -> #N/A | G29: =D29*F29 -> #N/A | H29: =VLOOKUP(G29,Background!G$24:$H31,2,FALSE) -> #N/A
D30: =VLOOKUP(C30,Background!$A$5:$B$9,2,FALSE) -> #N/A | F30: =VLOOKUP(E30,Background!C$9:$D32,2,FALSE) -> #N/A | G30: =D30*F30 -> #N/A | H30: =VLOOKUP(G30,Background!G$24:$H32,2,FALSE) -> #N/A
D31: =VLOOKUP(C31,Background!$A$5:$B$9,2,FALSE) -> #N/A | F31: =VLOOKUP(E31,Background!C$9:$D33,2,FALSE) -> #N/A | G31: =D31*F31 -> #N/A | H31: =VLOOKUP(G31,Background!G$24:$H33,2,FALSE) -> #N/A
D32: =VLOOKUP(C32,Background!$A$5:$B$9,2,FALSE) -> #N/A | F32: =VLOOKUP(E32,Background!C$9:$D34,2,FALSE) -> #N/A | G32: =D32*F32 -> #N/A | H32: =VLOOKUP(G32,Background!G$24:$H34,2,FALSE) -> #N/A
D33: =VLOOKUP(C33,Background!$A$5:$B$9,2,FALSE) -> #N/A | F33: =VLOOKUP(E33,Background!C$9:$D35,2,FALSE) -> #N/A | G33: =D33*F33 -> #N/A | H33: =VLOOKUP(G33,Background!G$24:$H35,2,FALSE) -> #N/A
D34: =VLOOKUP(C34,Background!$A$5:$B$9,2,FALSE) -> #N/A | F34: =VLOOKUP(E34,Background!C$9:$D36,2,FALSE) -> #N/A | G34: =D34*F34 -> #N/A | H34: =VLOOKUP(G34,Background!G$24:$H36,2,FALSE) -> #N/A
... D49: =VLOOKUP(C49,Background!$A$5:$B$9,2,FALSE) -> #N/A | F49: =VLOOKUP(E49,Background!C$9:$D51,2,FALSE) -> #N/A | G49: =D49*F49 -> #N/A | H49: =VLOOKUP(G49,Background!G$24:$H51,2,FALSE) -> #N/A
F50: =VLOOKUP(E50,Background!C$9:$D52,2,FALSE) -> #N/A

Sheet Delivery Plan
A1: Delivery Plan | D1: Last updated (date):
A3: A. BASIC PROJECT INFORMATION
A4: Project Title:
A5: ARIES Project Number:
A6: Component code:
A7: Country:
A8: Sector:
A9: Total Value (£):
A10: Start/End Date:
A11: Implementing partner:
A12: Partner contact details: | C12: Name:
C13: Job Title:
C14: E-mail:
C15: Telephone:
A16: Latest Annual Review Score:
A18: B.1 SYRIA TEAM PROJECT LEADS
A19: Senior Responsible Owner:
A20: DPM/Project Officer:
A21: Lead Humanitarian Adviser:
A22: Other Advisers (country):
A24: B.2 SRO OBJECTIVES FOR THE PROJECT
A25: 1
A26: 2
A27: 3
A28: 4
A29: 5
A30: 6
A32: C. KEY PROJECT DOCUMENTATION
A33: Document | D33: Quest Number | G33: Last updated (date)
A34: Business Case:
A35: Grant Agreement:
A36: Due Diligence Assessment:
A37: Logframe:
A38: Annual Review (last, include score):
A39: Field Monitoring Report (provide details in section H)
A40: Project Completion Review:
A41: Performance Improvement Plan:
A43: D. SUMMARY OF PROJECT PROGRESS AND KEY ISSUES SINCE LAST MEETING WITH SRO
A53: E. CHECKLIST FOR KEY SYRIA TEAM AND DFID SMART RULES KEY REQUIREMENTS
A54: Action | O54: Completed? (Yes, No, Partial, Exempt, N/A) | R54: Date
A55: Before project approval | B55: A new project has been set up in ARIES with each country taking a separate component code
B56: A PROJAs has been completed in ARIES ensuring the prepipeline amounts are correct
B57: DPM has read the Syria M&E paper and understands responsabilities/steps that must be followed for reporting and annual reviews
B58: Reporting guidance has been shared with partner and partner has agreed to comply
B59: Project logframe has been approved by the Syria team M&E lead
B60: For multilaterals the logframe has been sent to the DFID institutional lead for their review (ensuring it reflects MAR reforms)
A61: After project approval (within first week) | B61: Project has been approved by Lindy/Matthew in ARIES
B62: Partner has been informed that the project has been approved
B63: For more significant/larger grants a letter has been sent from the Secretary of State to the partner
B64: All relevant project documents (e.g. Business Case, IRS, Proposal, Logframe) have been quested
B65: Partner has confirmed if they are content to be named publically
B66: International Engagement Team have been informed of project financial details for SoS announcements
B67: Financial project details have been recorded in the regional allocation spreadsheet (update each year)
B68: In ARIES a single PO for the grant with separate lines for each FY of each country (and linking to the component code) has been set up
B69: If cost extension under the umbrella BC the appropriate amounts have been PROJMed from the dumping component and profiled by FY
B70: Project details have been recorded in the database
B71: Logframe data has been recorded in the database (update each year)
B72: Reporting calendar has been recorded in the database
B73: Financial assets have been recorded in the database
B74: Due Diligence Assessment has been sent to Risk and Control
A75: Before signing the MoU/GA | B75: UK aid branding letter and guidelines have been sent to the partner and partner has agreed to comply
B76: Counter terrorism legislation has been discussed with partner and partner is aware of their responsibilities
B77: Obligations expected of partners and their downstream partners under the UK Bribery Act 2010 have been discussed and agreed with partner
B78: Partner has been consulted if they would like advanced or arrears quarterly payments (only applicable to NGOs)
B79: If funding covers retroactive results (backdating the grant) this has been approved by the SOR or FCPD
A80: When drafting the MoU or GA | B80: Does MoU/GA include paragraph on contingency of year 2 funding where multiyear?
B81: Does MoU/GA include paragraph on sanctions for AGs?
B82: Does MoU/GA include paragraph on branding?
B83: Does MoU/GA include paragraph detailing reporting dates and deliverables?
B84: Does MoU/GA include paragraph on proactively notifying DFID of loss/fraud/damage to supplies/operations?
B85: Does MoU/GA include paragraph on proactively notifying DFID of issues affecting registration for agencies on XB?
B86: Does MoU/GA include paragrah on Counter Terrorism legislation?
A87: When finalising the MoU or GA | B87: Has the MoU been signed by Matthew Wyatt (or Anna Morris in his absence)
B88: Have you printed, had signed and couriered 3 copies to the agency? Of which:
B89: One copy is to be retained by the agency
B90: One copy is to be sent to DFID accounts payable with the RFF
B91: Onecopy is to be stored in the agreement hardcopies folder
B92: Has the formal MoU/GA with 2 signatures been quested?
A93: After MoU/GA has been signed | B93: For projects using UK aid branding, digital elements (e.g. websites) have been reviewed by the DFID’s Digital Service Team
B94: Partner’s Annual Audited Accounts have been quested (update each year)
A96: F. RECORD OF KEY ACTIONS TO BE TAKEN BY THE SYRIA TEAM OR PARTNER (INCLUDING ISSUES TO BE ADDRESSED FROM BUSINESS CASE, DUE DILIGENCE ASSESSMENT, ANNUAL REVIEW, PERFORMANCE IMPROVEMENT PLAN AND FIELD MONITORING REPORTS)
A97: Action to be taken by | C97: Source | E97: Details of the action | R97: By when (date)? | T97: Key Quest doc no. | V97: Notes/Completed? (Y, N, Partial)
A112: G. RECORD OF QUARTERLY MEETINGS/COMMUNICATIONS WITH PARTNER (this table should also be completed at the planning stage with the quarterly meetings expected to happen with partners)
A113: Who (DPM/Adviser) | C113: Where (London HQ, country) | E113: Date | G113: Meeting notes Quest no. | J113: Issues/areas discussed
A131: H. FIELD MONITORING (this table should completed with details of the planned field monitoring, in general this should be at least once per year in each country, except Syria)
A132: Who (DPM/Adviser) | C132: Where (London HQ, country) | E132: Date | G132: Meeting notes Quest no. | J132: Issues/areas discussed
A145: I. LOGFRAME CHANGES (if needed record any changes to the logframe in the seciton below)
A146: Version No. | B146: Date | C146: Author | D146: Approved by | E146: Summary of changes | R146: Quest references
A157: I. PERFORMANCE IMPROVEMENT PLAN (if needed, key actions are already included as below)
A158: Action to be taken by | C158: Source | E158: Details of the action | R158: By when (date)? | T158: Key Quest doc no. | V158: Notes/Completed? (Y, N, Partial)
A159: SRO | E159: Formal letter to partner explaining PIP
A160: SRO | E160: Formal response from partner with key actions
A161: DPM | E161: Monthly field level meetings on finance, performance against logframe and risk mitigation measures
A162: DPM | E162: Monthly/quarterly HQ meetings

Sheet Indicators
A2: Sector
D3: NOTES
A4: Food
A5: Food | B5: 1.1 | C5: Number of monthly full food packages/vouchers/cash provided to individuals | D5: Min 1500 Kcal
A6: Food | B6: 1.2 | C6: Number of supplementary food interventions (packages, hot meals, vouchers, cash) distributed
A7: Wash
A8: Water | B8: 2.1 | C8: Number of beneficiaries provided with drinking water
A9: Sanitation | B9: 2.2 | C9: Number of beneficiaries reached with sanitation activities
A10: Hygiene | B10: 2.3 | C10: Number of beneficiaries reached with hygiene activities
A11: Health
A12: Health | B12: 3.1 | C12: Number of trauma consultations
A13: Health | B13: 3.2 | C13: Number of primary health care consultations
A14: Health | B14: 3.3 | C14: Number of health workers trained
A15: Health | B15: 3.4 | C15: Number of vaccinations provided
A16: Health | B16: 3.5 | C16: Number of facilities benefitting from medical supplies
A17: Shelter/NFIs
A18: Shelter | B18: 4.1 | C18: Number of people supported through shelter interventions
A19: NFIs | B19: 4.2 | C19: Number of relief packages distributed
A20: NFIs | B20: 4.3 | C20: Number of individuals benefiting from relief packages
A21: NFIs | B21: 4.4 | C21: Number of cash grants, intended to purchase relief items, distributed
A22: Agriculture/ Livelihoods
A23: Agriculture | B23: 5.1 | C23: Number of people supported through agricultural interventions
A24: Livelihoods | B24: 5.2 | C24: Number of people supported through livelihood interventions
A25: Protection
A26: Protection | B26: 6.1 | C26: Number of people benefitting from SGBV services
A27: Protection | B27: 6.2 | C27: Number of children supported by psycho-social interventions
A28: Protection | B28: 6.3 | C28: Number of adults supported by psycho-social interventions
A29: Protection | B29: 6.4 | C29: Number of people trained in MHPSS and GBV services provided
B30: 6.5 | C30: Number of child/adolescent friendly places/child psychosocial service centres
A31: Education
A32: Education | B32: 7.1 | C32: Number of pupils per month provided with formal education
A33: Education | B33: 7.2 | C33: Number of pupils per month provided with informal education
A34: Education | B34: 7.3 | C34: Number of school supplies provided
A35: Education | B35: 7.3a | C35: Number of pupils provided with school supplies
A36: Education | B36: 7.4 | C36: Number of improved school facilities
A37: Enabling activities
A38: Enabling activities | B38: 8.1 | C38: Number of high quality needs assessments undertaken | D38: High quality defined as: relevant topic, good use of analysis, objective, clear recommendations targeted at policy makers
A39: Enabling activities | B39: 8.2 | C39: Number of people targeted with humanitarian information campaigns

Sheet Background
A1: Risk Rating
A3: Gross Risk
A4: Likelihood of occurrence | C4: Impact | E4: Combined Risk Factor | G4: Combined risk factor
A5: Almost certain | B5: 5 | C5: Severe | D5: 5 | E5: Severe | F5: >15 | G5: 20 | H5: Severe | L5: 5 | M5: =$L5*M$10 -> 5 | N5: =$L5*N$10 -> 10 | O5: =$L5*O$10 -> 15 | P5: =$L5*P$10 -> 20 | Q5: =$L5*Q$10 -> 25
A6: Likely | B6: 4 | C6: Major | D6: 4 | E6: Major | F6: 8 to 14 | G6: 19 | H6: Severe | L6: 4 | M6: =$L6*M$10 -> 4 | N6: =$L6*N$10 -> 8 | O6: =$L6*O$10 -> 12 | P6: =$L6*P$10 -> 16 | Q6: =$L6*Q$10 -> 20
A7: Possible | B7: 3 | C7: Moderate | D7: 3 | E7: Moderate | F7: 5 to7 | G7: 18 | H7: Severe | L7: 3 | M7: =$L7*M$10 -> 3 | N7: =$L7*N$10 -> 6 | O7: =$L7*O$10 -> 9 | P7: =$L7*P$10 -> 12 | Q7: =$L7*Q$10 -> 15
A8: Unlikely | B8: 2 | C8: Minor | D8: 2 | E8: Minor | F8: 1 to 4 | G8: 17 | H8: Severe | L8: 2 | M8: =$L8*M$10 -> 2 | N8: =$L8*N$10 -> 4 | O8: =$L8*O$10 -> 6 | P8: =$L8*P$10 -> 8 | Q8: =$L8*Q$10 -> 10
A9: Rare | B9: 1 | C9: Insignificant | D9: 1 | G9: 16 | H9: Severe | L9: 1 | M9: =$L9*M$10 -> 1 | N9: =$L9*N$10 -> 2 | O9: =$L9*O$10 -> 3 | P9: =$L9*P$10 -> 4 | Q9: =$L9*Q$10 -> 5
G10: 15 | H10: Severe | M10: 1 | N10: 2 | O10: 3 | P10: 4 | Q10: 5
G11: 14 | H11: Major
G12: 13 | H12: Major
G13: 12 | H13: Major
G14: 11 | H14: Major
G15: 10 | H15: Major
G16: 9 | H16: Major
G17: 8 | H17: Major
G18: 7 | H18: Moderate
G19: 6 | H19: Moderate
G20: 5 | H20: Moderate
G21: 4 | H21: Minor
G22: 3 | H22: Minor
... G24: 1 | H24: Minor
